 Seeded DCSS version 0.30.0-17-ge0270778cf (webtiles) character file.

Game seed: 4239319772818635375 (custom seed)

99 bmack86 the Chopper (level 4, -2/39 HPs)
             Began as a Minotaur Fighter on May 22, 2023.
             Slain by a gnoll
             ... wielding a +0 halberd
              (12 damage)
             ... on level 2 of the Dungeon.
             The game lasted 00:02:50 (1088 turns).

bmack86 the Chopper (Minotaur Fighter)              Turns: 1088, Time: 00:02:51

Health: -2/39      AC: 12    Str: 23    XL:     4   Next: 45%
Magic:  3/3        EV:  6    Int:  5    God:
Gold:   71         SH:  4    Dex:  9    Spells: 3/3 levels left

rFire   . . .        a - +0 war axe
rCold   . . .        c - +0 buckler
rNeg    . . .        j - +0 plate armour
rPois   .            (helmet restricted)
rElec   .            (no cloak)
rCorr   .            (no gloves)
SInv    .            g - +0 pair of boots
Will    .....        (no amulet) Stlth
                     (no ring)
HPRegen 0.26/turn    (no ring)
MPRegen 0.08/turn

%: no passive effects
@: no status effects
A: horns 2, retaliatory headbutt
a: no special abilities


You were on level 2 of the Dungeon.
You visited 1 branch of the dungeon, and saw 2 of its levels.

You collected 71 gold pieces.

Inventory:

Hand Weapons
 a - a +0 war axe (weapon)
Missiles
 p - 5 poisoned darts (quivered)
Armour
 b - a +0 scale mail
 c - a +0 buckler (worn)
 g - a +0 pair of boots (worn)
 j - a +0 plate armour (worn)
Scrolls
 e - a scroll of noise {unknown}
 f - a scroll of poison {unknown}
 k - a scroll of brand weapon {unknown}
 l - a scroll of vulnerability {unknown}
 m - a scroll of fear {unknown}
 n - a scroll of teleportation {unknown}
 o - a scroll of fog {unknown}
Potions
 d - a potion of might
 h - 2 potions of cancellation {unknown}
 i - 2 potions of curing {unknown}


   Skills:
 - Level 3.6 Fighting
 + Level 5.8 Axes
 - Level 3.6 Armour
 - Level 3.6 Shields


You had 3 spell levels left.
You didn't know any spells.
Your spell library was empty.

Dungeon Overview and Level Annotations

Branches:
Dungeon (2/15)

Altars:


Innate Abilities, Weirdness & Mutations

You have a pair of horns on your head.
You reflexively headbutt those who attack you in melee.


Message History

You slash the gnoll!
You kill the gnoll!
The gnoll hits you but does no damage. The gnoll barely misses you.
Found a stone staircase leading down and a stone staircase leading up.
The gnoll hits you with a +0 halberd. The gnoll hits you but does no damage.
Items here: )) ††.
You hit the gnoll.
The gnoll is moderately wounded.
You hit the gnoll. The gnoll hits you with a +0 spear.
You block the gnoll's attack.
You slash the gnoll!
You kill the gnoll!
You hit the gnoll but do no damage. You block the gnoll's attack.
You hit the dart slug.
The dart slug is lightly wounded.
You completely miss the gnoll. The gnoll hits you with a +0 halberd!
* * * LOW HITPOINT WARNING * * *
The dart slug bites you but does no damage.
The gnoll hits you but does no damage.
You closely miss the gnoll. You headbutt the gnoll.
The gnoll is moderately wounded.
You hit the dart slug. You block the gnoll's attack.
The dart slug launches a dart at you. The slug dart misses you.
You barely miss the gnoll.
The gnoll is moderately wounded.
You hit the dart slug but do no damage. The gnoll hits you but does no damage.
The dart slug barely misses you.
You hit the gnoll.
The gnoll is heavily wounded.
You hit the dart slug. The gnoll completely misses you.
The dart slug bites you but does no damage.
You barely miss the gnoll.
The gnoll is heavily wounded.
You hit the dart slug.
You kill the dart slug!
The gnoll hits you with a +0 halberd.
* * * LOW HITPOINT WARNING * * *
The goblin hits you but does no damage. The gnoll hits you with a +0 halberd!
You die...

#......# #......#
#..<... #......#
....... #......#
....... #......#
....... #.†....#
....... #..†...#
##...>... ##
###.#### #gg......
.# #.# #@# .###
##.# #.# ...# #..#
##.# ##.###..#
####..#
<#...#..####....##
...).........####
.#)#)...###..#
......).........
#####†#.....###..#


You could see a gnoll and a goblin.

Vanquished Creatures
  6 gnolls (D:2)
  2 dart slugs
  3 endoplasms (D:1)
  2 giant cockroaches (D:1)
  2 goblins
  A hobgoblin (D:1)
  7 jackals
  A ball python (D:1)
  8 bats
  2 frilled lizards (D:1)
  2 kobolds
  5 rats (D:1)
41 creatures vanquished.

Notes
Turn   | Place    | Note
-------+----------+-------------------------------------------
     0 | D:1      | bmack86 the Minotaur Fighter began the quest for the Orb.
     0 | D:1      | Reached XP level 1. HP: 19/19 MP: 0/0
   124 | D:1      | Reached skill level 3 in Axes
   167 | D:1      | Reached XP level 2. HP: 17/26 MP: 1/1
   298 | D:1      | Reached skill level 4 in Axes
   525 | D:1      | Reached XP level 3. HP: 31/31 MP: 2/2
   948 | D:2      | Reached skill level 5 in Axes
  1045 | D:2      | Reached XP level 4. HP: 39/39 MP: 3/3
  1088 | D:2      | Slain by a gnoll

Illustrated notes

Levels and vault maps discovered:
D:1:      lemuel_arrival_hallway, layout_basic
D:2:      layout_rooms, basic_altar, dreamdust_mushroom_princess

Skill      XL: |  1  2  3 |
---------------+----------+-----
Axes           | 3 4 5 |  5.8
Fighting       | |  3.6
Armour         | |  3.6
Shields        | |  3.6

Action                     |  1- 3 |  4- 6 || total
---------------------------+-------+-------++-------
  Melee: War axe           |    68 |    15 ||    83
         Headbutt          |     7 |     3 ||    10
 Armour: Scale mail        |    16 |       ||    16
         Plate armour      |    31 |    15 ||    46
  Dodge: Dodged            |    26 |     9 ||    35
  Block: Buckler           |    22 |     8 ||    30
